 Dungeon Crawl Stone Soup version 0.21-a0-273-g0785366 (webtiles) character file.

60 JackS81 the Insei (level 4, -2/28 HPs)
             Began as an Octopode Transmuter on Sept 16, 2017.
             Slain by an ice beast (4 damage)
             ... on level 2 of the Dungeon.
             The game lasted 00:03:23 (1091 turns).

JackS81 the Insei (Octopode Transmuter)             Turns: 1091, Time: 00:03:23

Health: -2/28      AC:  1    Str:  9    XL:     4   Next: 4%
Magic:  1/7        EV: 13    Int: 16    God:
Gold:   78         SH:  0    Dex: 12    Spells: 4/7 levels left

rFire    . . .     SeeInvis .     - Unarmed
rCold    . . .     Gourm    .   (no shield)
rNeg     . . .     Faith    .   (helmet restricted)
rPois    .         Spirit   .   (no amulet)
rElec    .         Reflect  .   (no ring)
rCorr    .         Harm     .   (no ring)
MR       .....                  (no ring)
Stlth    ++........             (no ring)
HPRegen  0.09/turn              (no ring)
MPRegen  0.10/turn              (no ring)
                                (no ring)
                                (no ring)

@: lethally poisoned (-2 -> -4), appendage
A: almost no armour, stealthy swim, amphibious, 8 rings, constrict 8, tentacle
spike 3, camouflage 1, gelatinous body 1
a: End Transformation


You were on level 2 of the Dungeon.
You were hungry.
One of your tentacles had a temporary spike.
You visited 1 branch of the dungeon, and saw 2 of its levels.

You collected 78 gold pieces.

Inventory:

Missiles
 a - 63 arrows
Scrolls
 d - a scroll of noise {unknown}
 f - a scroll of enchant weapon {unknown}
 j - 2 scrolls of fog {unknown}
 k - a scroll of magic mapping {unknown}
Potions
 e - a potion of invisibility {unknown}
 g - a potion of lignification {unknown}
 h - a potion of might {unknown}
 i - 3 potions of agility {unknown}
 l - a potion of haste {unknown}
Books
 b - a book of Changes

   Spells                             Type                      Level
   a - Beastly Appendage              Transmutation                1
   b - Sticks to Snakes               Transmutation                2
   c - Spider Form                    Transmutation/Poison         3
   d - Ice Form                       Ice/Transmutation            4
   e - Blade Hands                    Transmutation                5
Comestibles
 c - 2 bread rations


   Skills:
 - Level 1.0 Fighting
 - Level 2.0 Dodging
 - Level 4.3 Unarmed Combat
 - Level 2.0 Spellcasting
 * Level 2.8 Transmutations


You had 4 spell levels left.
You knew the following spells:

 Your Spells              Type           Power        Failure   Level  Hunger
a - Beastly Appendage     Tmut           ##....       7%          1    #......
b - Sticks to Snakes      Tmut           ##......     10%         2    ###....


Dungeon Overview and Level Annotations

Branches:
Dungeon (2/15)

Altars:


Innate Abilities, Weirdness & Mutations

You cannot wear most types of armour.
You are very stealthy in the water. (Stealth+)
You are amphibious.
You can wear up to eight rings at the same time.
You can use your tentacles to constrict eight enemies at once.
Your skin changes colour to match your surroundings (Stealth+).
Your rubbery body absorbs attacks. (AC +1, EV +1)
One of your tentacles bears a large vicious spike.


Message History

* * * LOW HITPOINT WARNING * * *
You feel sick. Something hits your ball python.
Your ball python dies!
Casting: Sticks to Snakes
Confirm with . or Enter, or press ? or * to list all spells.
One of your tentacles grows a vicious spike.
Something hits your ball python.
Your ball python dies!
Something closely misses your ball python.
Something hits your ball python.
Your ball python dies!
* * * LOW HITPOINT WARNING * * *
You feel sick.
You closely miss the ice beast. You squeeze the ice beast.
The ice beast is moderately wounded.
The ice beast closely misses you.
You bludgeon the ice beast! Your squeeze misses the ice beast.
The ice beast is heavily wounded.
The ice beast hits you.
You die...

.......÷Y...Y.#
##......#####.#
.$.....## #[#
##.##.# #.# # ##
#<# ##.# #.......#
#...# #.#####.#
#...#########.#
#...##.@......#
#####..%##Y##.##..#
#...........#.# ..#
..........#.S.##...
#...........###
####...##.##
#...##...
#...###### #.^.#


You could see an ice beast.

Vanquished Creatures
  Jessica (D:2)
  2 adders (D:2)
  2 bats
  A hobgoblin (D:1)
  2 kobolds
  A quokka (D:2)
  A ball python (D:1)
  3 goblins (D:1)
  3 rats (D:1)
16 creatures vanquished.

Vanquished Creatures (collateral kills)
  A goblin (D:2)
1 creature vanquished.

Grand Total: 17 creatures vanquished

Notes
Turn   | Place    | Note
-------+----------+-------------------------------------------
     0 | D:1      | JackS81 the Octopode Transmuter began the quest for the Orb.
     0 | D:1      | Reached XP level 1. HP: 13/13 MP: 3/3
   198 | D:1      | Reached XP level 2. HP: 16/18 MP: 3/5
   716 | D:2      | Noticed Jessica
   722 | D:1      | Learned a level 2 spell: Sticks to Snakes
   750 | D:2      | Killed Jessica
   750 | D:2      | Reached skill level 4 in Unarmed Combat
   750 | D:2      | Reached XP level 3. HP: 23/23 MP: 0/6
   870 | D:2      | Noticed an ice beast
  1077 | D:2      | Reached XP level 4. HP: 26/28 MP: 7/7
  1091 | D:2      | Slain by an ice beast

Vault maps used:
D:1:      mushboom_english_gardens
D:2:      lemuel_doored_altar, old_standard_altar, uniq_jessica

Skill      XL: |  1  2 |
---------------+-------+-----
Unarmed Combat | 4 |  4.3
Fighting       | |  1.0
Dodging        | |  2.0
Spellcasting   | |  2.0
Transmutations | |  2.8

Action                   |  1- 3 |  4- 6 || total
-------------------------+-------+-------++-------
Melee: Unarmed           |    29 |     4 ||    33
       Constrict         |     8 |       ||     8
       Tentacles         |     7 |     1 ||     8
       Kick              |     4 |       ||     4
       Punch             |     1 |       ||     1
 Cast: Beastly Appendage |     9 |     1 ||    10
       Sticks to Snakes  |     1 |     3 ||     4
 Stab: Sleeping          |     1 |       ||     1
Dodge: Dodged            |    19 |     6 ||    25

Table legend:
 A = Spawn XP
 B = Non-spawn XP
 C = Spawn XP percentage of total XP
 D = Spawn monster count
 E = Non-spawn monster count
 F = Spawn count percentage of total count
 G = Total turns spent on level
                    A         B        C        D         E        F      G
               +---------+---------+-------+---------+---------+-------+---------
         Total |       0 |      86 |   0.0 |       0 |      17 |   0.0 |  1091
               +---------+---------+-------+---------+---------+-------+---------
           D:1 |       0 |      14 |   0.0 |       0 |      10 |   0.0 |   919
           D:2 |       0 |      72 |   0.0 |       0 |       7 |   0.0 |   172
               +---------+---------+-------+---------+---------+-------+---------
